Lightning vs Flyers

Created - December 14, 2016 at 18:34

Goals
1 2 3 T
Lightning 2 0 0 2
Flyers 1 2 1 4
Shots
1 2 3 T
Lightning 12 12 4 28
Flyers 11 12 11 34

1st period

1. Lightning , Teddy Purcell 8 (Travis Zajac, Christian Ehrhoff) at 1:59
2. Flyers , Calle Jarnkrok 8 (Ryan Ellis) at 8:23
3. Lightning , Jeff Carter 5 (Johnny Gaudreau) at 17:27

Penalties :
No Penalty

2nd period

4. Flyers , Alexander Killorn 18 (Andrew MacDonald, Ryan Ellis) at 9:03
5. Flyers , Matt Hendricks 4 (Shawn Matthias, Casey Cizikas) at 16:46

Penalties :
Brian Gionta (PHI) for Tripping (Minor) at 3:04, Troy Brouwer (TBL) for Holding (Minor) at 5:44

3rd period

6. Flyers , Calle Jarnkrok 9 (Alexander Killorn, Joel Ward) at 13:21

Penalties :
Erik Gudbranson (TBL) for Holding (Minor) at 0:49, Shawn Matthias (PHI) for Slashing (Minor) at 3:20, Christian Ehrhoff (TBL) for Hooking (Minor) at 3:20, Kevin Klein (TBL) for High sticking (Minor) at 6:08, Ryan Ellis (PHI) for Interference (Minor) at 13:47, Troy Brouwer (TBL) for Tripping (Minor) at 17:02

Goalie Stats

Jaroslav Halak (TBL), 30 saves from 34 shots - (0.882), L, 6-10-3, 60:00 minutes
Devan Dubnyk (PHI), 26 saves from 28 shots - (0.929), W, 13-10-0, 60:00 minutes

Players Stats for Lightning

Player Name              G  A  P  +/- PIM S  H  SB GA TA FO     MP     PP MP  PK MP  
------------------------------------------------------------------------------------
Andre Benoit             0  0  0   0  0   0  0  0  0  0  0/0     1:04   0:00   0:07 
Andrej Sekera            0  0  0   0  0   1  0  5  0  0  0/0    20:42   2:11   2:22 
Brad Hunt                0  0  0  -2  0   0  0  0  0  0  0/0    14:42   0:00   0:00 
Christian Ehrhoff        0  1  1  -2  2   0  1  3  0  0  0/0    17:43   0:00   3:36 
David Schlemko           0  0  0   0  0   0  0  1  0  0  0/0    19:16   1:47   3:36 
Eric Fehr                0  0  0   0  0   0  0  0  0  0  0/6     5:59   0:00   2:30 
Erik Gudbranson          0  0  0   0  2   3  1  2  0  0  0/0    22:03   1:47   3:02 
Henrik Sedin             0  0  0  -1  0   0  0  0  0  0  10/15  15:07   1:39   0:22 
Jeff Carter              1  0  1   0  0   2  0  0  0  0  17/28  19:11   2:19   0:00 
Johnny Gaudreau          0  1  1   0  0   4  0  0  0  0  1/2    19:51   2:19   0:40 
Kevin Klein              0  0  0   0  2   1  5  0  0  0  0/0    24:27   2:11   3:09 
Patric Hornqvist         0  0  0   0  0   2  4  0  0  0  0/0    19:11   2:19   0:00 
Radim Vrbata             0  0  0  -1  0   0  0  2  0  0  1/2    13:14   0:00   0:00 
Teddy Purcell            1  0  1  -1  0   5  0  0  0  0  1/2    13:14   0:00   0:00 
Tobias Rieder            0  0  0   0  0   0  0  0  0  0  0/0     3:55   0:00   2:30 
Tomas Fleischmann        0  0  0  -1  0   3  0  0  0  0  1/3    22:26   1:39   4:46 
Travis Zajac             0  1  1  -1  0   3  1  2  0  0  11/23  19:43   0:00   5:04 
Troy Brouwer             0  0  0  -1  4   4  4  0  0  0  2/4    18:12   1:39   0:00 

Players Stats for Flyers

Player Name              G  A  P  +/- PIM S  H  SB GA TA FO     MP     PP MP  PK MP  
------------------------------------------------------------------------------------
Alexander Killorn        1  1  2   3  0   3  1  0  0  0  1/2    18:51   4:30   0:00 
Andre Burakovsky         0  0  0  -1  0   5  0  0  0  0  1/2    18:56   4:30   0:00 
Andrew MacDonald         0  1  1   2  0   0  2  1  0  0  0/0    17:32   0:00   1:43 
Ben Hutton               0  0  0   0  0   1  2  1  0  0  0/0    21:14   4:30   0:00 
Brian Gionta             0  0  0  -1  2   4  0  0  0  0  1/2    14:26   0:00   1:12 
Calle Jarnkrok           2  0  2   3  0   7  0  0  0  0  9/20   19:49   3:26   0:51 
Casey Cizikas            0  1  1   0  0   1  0  0  0  0  11/18  15:13   4:30   0:00 
Chris VandeVelde         0  0  0   0  0   1  1  0  0  0  1/2    10:39   0:00   2:03 
Clayton Stoner           0  0  0   0  0   0  0  1  0  0  0/0     7:39   0:00   2:15 
Damon Severson           0  0  0   0  0   1  1  0  0  0  0/0    19:52   3:26   0:00 
Dan Boyle                0  0  0   0  0   0  0  0  0  0  0/0    17:48   0:00   2:15 
Joel Ward                0  1  1   3  0   2  1  0  0  0  0/3    17:47   3:26   0:00 
Kyle Brodziak            0  0  0   0  0   0  0  0  0  0  9/16   10:31   0:00   1:55 
Marcus Johansson         0  0  0  -1  0   3  0  0  0  0  7/18   17:29   3:26   0:00 
Matt Hendricks           1  0  1   0  0   2  3  0  0  0  1/2    11:50   0:00   1:55 
Ryan Ellis               0  2  2   2  2   3  2  1  0  0  0/0    19:22   3:26   0:08 
Shawn Matthias           0  1  1   0  2   1  0  0  0  0  0/0    18:30   0:00   0:00 
Tom Gilbert              0  0  0   0  0   0  2  1  0  0  0/0    16:32   4:30   1:35 

3 Stars

1 - Calle Jarnkrok (PHI)
2 - Alexander Killorn (PHI)
3 - Ryan Ellis (PHI)

Power Play

Lightning - 0 on 2 Attempt(s) - 0.00%
Flyers - 0 on 4 Attempt(s) - 0.00%

Penalty Kill

Lightning - 4 on 4 Attempt(s) - 100.00% - Score 0 goal in Penalty Kill
Flyers - 2 on 2 Attempt(s) - 100.00% - Score 0 goal in Penalty Kill

Team Stat

Lightning - Hits : 16 - Faceoff Wins : 44 - Blocked Shots : 15 - Penalty Minutes : 10
Flyers - Hits : 15 - Faceoff Wins : 41 - Blocked Shots : 5 - Penalty Minutes : 6

Official

Referees : Trevor Hanson and Francis Charron
Linesman : Shane Heyer and Scott Cherrey

Game Notes

No Game Note

Finance

Level 1 -- Attendance: 6237 (95.95%) -- Ticket Income $636,174
Level 2 -- Attendance: 3962 (79.24%) -- Ticket Income $332,808
Level 3 -- Attendance: 3022 (86.34%) -- Ticket Income $135,990
Level 4 -- Attendance: 3171 (89.65%) -- Ticket Income $38,052
Luxury Box -- Attendance: 894 (89.40%) -- Ticket Income $185,058
Game was played at the Wells Fargo Center.
Total Attendance: 17286 (88.48%)
Total Ticket Income: $1,328,082
Other Income: $199,212
Total Income: $1,527,294

% Time on Ice - Lightning

Lines # - Real PCT - Wanted PCT - Time Play
Normal Forward
1 - 37% - 40% - 16:52
2 - 28% - 30% - 13:06
3 - 29% - 20% - 13:14
4 - 6% - 10% - 2:55
Normal Defense
1 - 35% - 40% - 16:09
2 - 30% - 30% - 13:53
3 - 31% - 20% - 14:08
4 - 4% - 10% - 1:57
PP Forward
1 - 58% - 60% - 2:19
2 - 42% - 40% - 1:39
PP Defense
1 - 55% - 60% - 2:11
2 - 45% - 40% - 1:47
PK Forward
1 - 68% - 60% - 5:26
2 - 32% - 40% - 2:30
PK Defense
1 - 55% - 60% - 4:20
2 - 45% - 40% - 3:36
PK3 Forward
1 - 0% - 60%
2 - 0% - 40%
PK3 Defense
1 - 0% - 60%
2 - 0% - 40%
44 Forward
1 - 71% - 60% - 1:25
2 - 29% - 40% - 0:34
44 Defense
1 - 71% - 60% - 1:25
2 - 29% - 40% - 0:34
Last Minute Offensive  - 0:00
Last Minute Defensive  - 0:00
Total
Forward - 60:00
Defense - 60:00

% Time on Ice - Flyers

Lines # - Real PCT - Wanted PCT - Time Play
Normal Forward
1 - 31% - 32% - 14:21
2 - 29% - 32% - 13:15
3 - 22% - 24% - 9:55
4 - 19% - 12% - 8:36
Normal Defense
1 - 33% - 33% - 15:01
2 - 33% - 33% - 15:15
3 - 23% - 23% - 10:27
4 - 12% - 11% - 5:24
PP Forward
1 - 43% - 50% - 3:26
2 - 57% - 50% - 4:30
PP Defense
1 - 43% - 55% - 3:26
2 - 57% - 45% - 4:30
PK Forward
1 - 52% - 50% - 2:03
2 - 48% - 50% - 1:55
PK Defense
1 - 43% - 55% - 1:43
2 - 57% - 45% - 2:15
PK3 Forward
1 - 0% - 60%
2 - 0% - 40%
PK3 Defense
1 - 0% - 50%
2 - 0% - 50%
44 Forward
1 - 60% - 50% - 1:11
2 - 40% - 50% - 0:48
44 Defense
1 - 40% - 50% - 0:48
2 - 60% - 50% - 1:11
Last Minute Offensive  - 0:00
Last Minute Defensive  - 0:00
Total
Forward - 60:00
Defense - 60:00

Play by Play

1st period


0:01 of 1st period - Calle Jarnkrok wins face-off versus Jeff Carter in neutral zone.
0:40 of 1st period - Jeff Carter is hit by Andrew MacDonald and loses puck.
1:02 of 1st period - Tomas Fleischmann is hit by Ryan Ellis and loses puck.
1:23 of 1st period - Shot by Marcus Johansson.
1:23 of 1st period - Shot Misses the Net.
1:25 of 1st period - Shot by Dan Boyle.
1:25 of 1st period - Shot Blocked by Erik Gudbranson.
1:27 of 1st period - Shot by Brian Gionta.
1:27 of 1st period - Shot Misses the Net.
1:31 of 1st period - Shot by Brian Gionta.
1:31 of 1st period - Shot Misses the Net.
1:41 of 1st period - Shot by Brian Gionta.
1:41 of 1st period - Stopped by Jaroslav Halak without a rebound.
1:42 of 1st period - Travis Zajac wins face-off versus Casey Cizikas in Lightning zone.
1:51 of 1st period - Shot by Teddy Purcell.
1:51 of 1st period - Stopped by Devan Dubnyk with a rebound.
1:57 of 1st period - Shot by Teddy Purcell.
1:57 of 1st period - Stopped by Devan Dubnyk with a rebound.
1:59 of 1st period - Shot by Teddy Purcell.
1:59 of 1st period - Goal by Teddy Purcell - Lightning : 1 - Flyers : 0.
2:00 of 1st period - Marcus Johansson wins face-off versus Jeff Carter in neutral zone.
2:09 of 1st period - Shot by Patric Hornqvist.
2:09 of 1st period - Shot Misses the Net.
2:25 of 1st period - Shot by Johnny Gaudreau.
2:25 of 1st period - Shot Misses the Net.
2:27 of 1st period - Shot by Patric Hornqvist.
2:27 of 1st period - Shot Misses the Net.
2:37 of 1st period - Shot by Marcus Johansson.
2:37 of 1st period - Shot Misses the Net.
2:48 of 1st period - Brian Gionta is hit by Patric Hornqvist and loses puck.
3:08 of 1st period - Off-side.
3:09 of 1st period - Kyle Brodziak wins face-off versus Eric Fehr in neutral zone.
3:27 of 1st period - Icing by Clayton Stoner.
3:28 of 1st period - Kyle Brodziak wins face-off versus Travis Zajac in Flyers zone.
3:43 of 1st period - Shot by Shawn Matthias.
3:43 of 1st period - Shot Misses the Net.
3:53 of 1st period - Shot by Teddy Purcell.
3:53 of 1st period - Shot Misses the Net.
4:24 of 1st period - Travis Zajac is hit by Alexander Killorn and loses puck.
5:11 of 1st period - Shot by Andre Burakovsky.
5:11 of 1st period - Stopped by Jaroslav Halak without a rebound.
5:12 of 1st period - Henrik Sedin wins face-off versus Casey Cizikas in Lightning zone.
5:24 of 1st period - Icing by Tom Gilbert.
5:25 of 1st period - Jeff Carter wins face-off versus Casey Cizikas in Flyers zone.
5:25 of 1st period - Jeff Carter is hit by Ben Hutton.
5:35 of 1st period - Shot by Casey Cizikas.
5:35 of 1st period - Shot Misses the Net.
5:37 of 1st period - Shot by Matt Hendricks.
5:37 of 1st period - Shot Misses the Net.
6:20 of 1st period - David Schlemko is hit by Matt Hendricks and loses puck.
7:21 of 1st period - Shot by Andre Burakovsky.
7:21 of 1st period - Shot Misses the Net.
7:49 of 1st period - Shot by Joel Ward.
7:49 of 1st period - Stopped by Jaroslav Halak without a rebound.
7:50 of 1st period - Calle Jarnkrok wins face-off versus Travis Zajac in Lightning zone.
8:03 of 1st period - Shot by Alexander Killorn.
8:03 of 1st period - Stopped by Jaroslav Halak with a rebound.
8:13 of 1st period - Shot by Travis Zajac.
8:13 of 1st period - Shot Misses the Net.
8:23 of 1st period - Shot by Calle Jarnkrok.
8:23 of 1st period - Goal by Calle Jarnkrok - Lightning : 1 - Flyers : 1.
8:24 of 1st period - Henrik Sedin wins face-off versus Brian Gionta in neutral zone.
8:27 of 1st period - Dan Boyle is hit by Troy Brouwer.
9:25 of 1st period - Icing by David Schlemko.
9:26 of 1st period - Tomas Fleischmann wins face-off versus Joel Ward in Lightning zone.
9:52 of 1st period - Off-side.
9:53 of 1st period - Casey Cizikas wins face-off versus Jeff Carter in neutral zone.
10:03 of 1st period - Icing by Kevin Klein.
10:04 of 1st period - Kyle Brodziak wins face-off versus Jeff Carter in Lightning zone.
10:21 of 1st period - Shot by Chris VandeVelde.
10:21 of 1st period - Deflect By Shawn Matthias.
10:21 of 1st period - Stopped by Jaroslav Halak without a rebound.
10:22 of 1st period - Travis Zajac wins face-off versus Calle Jarnkrok in Lightning zone.
10:52 of 1st period - Shot by Calle Jarnkrok.
10:52 of 1st period - Stopped by Jaroslav Halak with a rebound.
10:54 of 1st period - Shot by Ryan Ellis.
10:54 of 1st period - Stopped by Jaroslav Halak with a rebound.
10:56 of 1st period - Shot by Calle Jarnkrok.
10:56 of 1st period - Shot Blocked by Travis Zajac.
10:58 of 1st period - Shot by Alexander Killorn.
10:58 of 1st period - Deflect By Calle Jarnkrok.
10:58 of 1st period - Shot Blocked by Christian Ehrhoff.
11:28 of 1st period - Icing by Christian Ehrhoff.
11:29 of 1st period - Teddy Purcell wins face-off versus Marcus Johansson in Lightning zone.
11:47 of 1st period - Icing by Erik Gudbranson.
11:48 of 1st period - Casey Cizikas wins face-off versus Eric Fehr in Lightning zone.
12:01 of 1st period - Shot by Tomas Fleischmann.
12:01 of 1st period - Deflect By Troy Brouwer.
12:01 of 1st period - Stopped by Devan Dubnyk without a rebound.
12:02 of 1st period - Jeff Carter wins face-off versus Marcus Johansson in Flyers zone.
12:13 of 1st period - Shot by Jeff Carter.
12:13 of 1st period - Shot Misses the Net.
12:15 of 1st period - Shot by Jeff Carter.
12:15 of 1st period - Stopped by Devan Dubnyk without a rebound.
12:16 of 1st period - Casey Cizikas wins face-off versus Eric Fehr in Flyers zone.
12:23 of 1st period - Shot by Casey Cizikas.
12:23 of 1st period - Stopped by Jaroslav Halak without a rebound.
12:24 of 1st period - Jeff Carter wins face-off versus Kyle Brodziak in Lightning zone.
13:58 of 1st period - Icing by Brian Gionta.
13:59 of 1st period - Travis Zajac wins face-off versus Marcus Johansson in Flyers zone.
14:39 of 1st period - Christian Ehrhoff is hit by Ryan Ellis and loses puck.
15:04 of 1st period - Shot by Ryan Ellis.
15:04 of 1st period - Shot Misses the Net.
15:08 of 1st period - Shot by Calle Jarnkrok.
15:08 of 1st period - Shot Blocked by Andrej Sekera.
15:34 of 1st period - Johnny Gaudreau is hit by Matt Hendricks and loses puck.
15:55 of 1st period - Shot by Erik Gudbranson.
15:55 of 1st period - Stopped by Devan Dubnyk without a rebound.
15:56 of 1st period - Kyle Brodziak wins face-off versus Henrik Sedin in Flyers zone.
16:19 of 1st period - Shot by Troy Brouwer.
16:19 of 1st period - Shot Blocked by Ben Hutton.
16:25 of 1st period - Shot by Tomas Fleischmann.
16:25 of 1st period - Shot Hit the Post.
16:53 of 1st period - Shot by Travis Zajac.
16:53 of 1st period - Stopped by Devan Dubnyk without a rebound.
16:54 of 1st period - Travis Zajac wins face-off versus Joel Ward in Flyers zone.
17:18 of 1st period - Teddy Purcell is hit by Andrew MacDonald and loses puck.
17:23 of 1st period - Shot by Travis Zajac.
17:23 of 1st period - Stopped by Devan Dubnyk without a rebound.
17:24 of 1st period - Jeff Carter wins face-off versus Marcus Johansson in Flyers zone.
17:27 of 1st period - Shot by Johnny Gaudreau.
17:27 of 1st period - Deflect By Jeff Carter.
17:27 of 1st period - Goal by Jeff Carter - Lightning : 2 - Flyers : 1.
17:28 of 1st period - Marcus Johansson wins face-off versus Jeff Carter in neutral zone.
17:33 of 1st period - Shot by Brian Gionta.
17:33 of 1st period - Stopped by Jaroslav Halak without a rebound.
17:34 of 1st period - Jeff Carter wins face-off versus Calle Jarnkrok in Lightning zone.
18:10 of 1st period - Shot by Jeff Carter.
18:10 of 1st period - Shot Misses the Net.
18:12 of 1st period - Shot by Kevin Klein.
18:12 of 1st period - Stopped by Devan Dubnyk without a rebound.
18:13 of 1st period - Casey Cizikas wins face-off versus Eric Fehr in Flyers zone.
18:13 of 1st period - Shawn Matthias is hit by Troy Brouwer and loses puck.
18:36 of 1st period - Shot by Tomas Fleischmann.
18:36 of 1st period - Stopped by Devan Dubnyk without a rebound.
18:37 of 1st period - Travis Zajac wins face-off versus Marcus Johansson in Flyers zone.
19:06 of 1st period - Marcus Johansson is hit by Kevin Klein and loses puck.
19:09 of 1st period - Shot by Brian Gionta.
19:09 of 1st period - Shot Blocked by Radim Vrbata.
19:11 of 1st period - Shot by Damon Severson.
19:11 of 1st period - Stopped by Jaroslav Halak without a rebound.
19:12 of 1st period - Casey Cizikas wins face-off versus Jeff Carter in Lightning zone.
19:21 of 1st period - Casey Cizikas is hit by Patric Hornqvist and loses puck.
19:28 of 1st period - Shot by Jeff Carter.
19:28 of 1st period - Shot Misses the Net.
19:30 of 1st period - Shot by Patric Hornqvist.
19:30 of 1st period - Shot Misses the Net.
19:32 of 1st period - Shot by Erik Gudbranson.
19:32 of 1st period - Shot Blocked by Tom Gilbert.
19:46 of 1st period - Shot by Johnny Gaudreau.
19:46 of 1st period - Deflect By Patric Hornqvist.
19:46 of 1st period - Stopped by Devan Dubnyk without a rebound.
19:47 of 1st period - Henrik Sedin wins face-off versus Calle Jarnkrok in Flyers zone.
Goals for this period are 2 for Lightning vs 1 for Flyers.
Shots for this period are 12 for Lightning vs 11 for Flyers.

2nd period


0:01 of 2nd period - Henrik Sedin wins face-off versus Casey Cizikas in neutral zone.
1:00 of 2nd period - Shot by Patric Hornqvist.
1:00 of 2nd period - Shot Misses the Net.
1:02 of 2nd period - Shot by Johnny Gaudreau.
1:02 of 2nd period - Stopped by Devan Dubnyk without a rebound.
1:03 of 2nd period - Travis Zajac wins face-off versus Marcus Johansson in Flyers zone.
1:06 of 2nd period - Shot by Teddy Purcell.
1:06 of 2nd period - Stopped by Devan Dubnyk without a rebound.
1:07 of 2nd period - Calle Jarnkrok wins face-off versus Jeff Carter in Flyers zone.
1:14 of 2nd period - Shot by Alexander Killorn.
1:14 of 2nd period - Shot Blocked by David Schlemko.
1:18 of 2nd period - Shot by Joel Ward.
1:18 of 2nd period - Shot Misses the Net.
1:20 of 2nd period - Shot by Calle Jarnkrok.
1:20 of 2nd period - Shot Misses the Net.
2:12 of 2nd period - Shot by Brian Gionta.
2:12 of 2nd period - Shot Misses the Net.
2:31 of 2nd period - Icing by Ben Hutton.
2:32 of 2nd period - Travis Zajac wins face-off versus Marcus Johansson in Flyers zone.
2:34 of 2nd period - Teddy Purcell is hit by Ben Hutton and loses puck.
2:58 of 2nd period - Teddy Purcell is hit by Tom Gilbert and loses puck.
3:04 of 2nd period - Minor Penalty to Brian Gionta for Tripping.
3:05 of 2nd period - Kyle Brodziak wins face-off versus Henrik Sedin in Flyers zone.
3:18 of 2nd period - Kyle Brodziak is hit by Troy Brouwer.
4:21 of 2nd period - Shot by Jeff Carter.
4:21 of 2nd period - Deflect By Patric Hornqvist.
4:21 of 2nd period - Shot Misses the Net.
4:23 of 2nd period - Shot by Erik Gudbranson.
4:23 of 2nd period - Stopped by Devan Dubnyk without a rebound.
4:24 of 2nd period - Jeff Carter wins face-off versus Kyle Brodziak in Flyers zone.
4:25 of 2nd period - Shot by David Schlemko.
4:25 of 2nd period - Shot Misses the Net.
4:27 of 2nd period - Shot by Jeff Carter.
4:27 of 2nd period - Shot Misses the Net.
4:29 of 2nd period - Shot by Jeff Carter.
4:29 of 2nd period - Deflect By Patric Hornqvist.
4:29 of 2nd period - Shot Blocked by Andrew MacDonald.
4:31 of 2nd period - Shot by Erik Gudbranson.
4:31 of 2nd period - Stopped by Devan Dubnyk without a rebound.
4:32 of 2nd period - Jeff Carter wins face-off versus Chris VandeVelde in Flyers zone.
4:36 of 2nd period - Johnny Gaudreau is hit by Tom Gilbert and loses puck.
4:57 of 2nd period - Shot by Johnny Gaudreau.
4:57 of 2nd period - Deflect By Jeff Carter.
4:57 of 2nd period - Shot Misses the Net.
5:18 of 2nd period - Shot by Marcus Johansson.
5:18 of 2nd period - Shot Misses the Net.
5:30 of 2nd period - Shot by Brian Gionta.
5:30 of 2nd period - Stopped by Jaroslav Halak without a rebound.
5:31 of 2nd period - Calle Jarnkrok wins face-off versus Henrik Sedin in Lightning zone.
5:42 of 2nd period - Shot by Tomas Fleischmann.
5:42 of 2nd period - Stopped by Devan Dubnyk without a rebound.
5:43 of 2nd period - Matt Hendricks wins face-off versus Eric Fehr in Flyers zone.
5:43 of 2nd period - Matt Hendricks is hit by Troy Brouwer.
5:44 of 2nd period - Minor Penalty to Troy Brouwer for Holding.
5:45 of 2nd period - Travis Zajac wins face-off versus Calle Jarnkrok in Lightning zone.
5:45 of 2nd period - Travis Zajac is hit by Joel Ward.
6:10 of 2nd period - Shot by Marcus Johansson.
6:10 of 2nd period - Shot Blocked by Travis Zajac.
6:12 of 2nd period - Shot by Calle Jarnkrok.
6:12 of 2nd period - Stopped by Jaroslav Halak without a rebound.
6:13 of 2nd period - Alexander Killorn wins face-off versus Travis Zajac in Lightning zone.
6:14 of 2nd period - Shot by Casey Cizikas.
6:14 of 2nd period - Shot Misses the Net.
7:06 of 2nd period - Shot by Eric Fehr.
7:06 of 2nd period - Shot Misses the Net.
7:50 of 2nd period - Shot by Calle Jarnkrok.
7:50 of 2nd period - Deflect By Chris VandeVelde.
7:50 of 2nd period - Stopped by Jaroslav Halak with a rebound.
8:04 of 2nd period - Shot by Jeff Carter.
8:04 of 2nd period - Shot Misses the Net.
8:07 of 2nd period - Icing by Kyle Brodziak.
8:08 of 2nd period - Kyle Brodziak wins face-off versus Travis Zajac in Flyers zone.
9:03 of 2nd period - Shot by Alexander Killorn.
9:03 of 2nd period - Goal by Alexander Killorn - Lightning : 2 - Flyers : 2.
9:04 of 2nd period - Henrik Sedin wins face-off versus Marcus Johansson in neutral zone.
9:07 of 2nd period - Shot by Troy Brouwer.
9:07 of 2nd period - Shot Misses the Net.
9:11 of 2nd period - Shot by Troy Brouwer.
9:11 of 2nd period - Shot Misses the Net.
9:15 of 2nd period - Shot by Troy Brouwer.
9:15 of 2nd period - Stopped by Devan Dubnyk without a rebound.
9:16 of 2nd period - Jeff Carter wins face-off versus Calle Jarnkrok in Flyers zone.
9:43 of 2nd period - Shot by Johnny Gaudreau.
9:43 of 2nd period - Stopped by Devan Dubnyk without a rebound.
9:44 of 2nd period - Brian Gionta wins face-off versus Henrik Sedin in Flyers zone.
9:53 of 2nd period - Shot by Marcus Johansson.
9:53 of 2nd period - Stopped by Jaroslav Halak with a rebound.
10:09 of 2nd period - Shot by Brian Gionta.
10:09 of 2nd period - Stopped by Jaroslav Halak with a rebound.
10:11 of 2nd period - Shot by Tom Gilbert.
10:11 of 2nd period - Deflect By Andre Burakovsky.
10:11 of 2nd period - Stopped by Jaroslav Halak without a rebound.
10:12 of 2nd period - Jeff Carter wins face-off versus Casey Cizikas in Lightning zone.
10:49 of 2nd period - Shot by Matt Hendricks.
10:49 of 2nd period - Shot Misses the Net.
11:03 of 2nd period - Icing by Kevin Klein.
11:04 of 2nd period - Jeff Carter wins face-off versus Calle Jarnkrok in Lightning zone.
11:45 of 2nd period - Shot by Henrik Sedin.
11:45 of 2nd period - Shot Misses the Net.
12:19 of 2nd period - Shot by Radim Vrbata.
12:19 of 2nd period - Deflect By Travis Zajac.
12:19 of 2nd period - Stopped by Devan Dubnyk without a rebound.
12:20 of 2nd period - Marcus Johansson wins face-off versus Travis Zajac in Flyers zone.
12:40 of 2nd period - Shot by Andre Burakovsky.
12:40 of 2nd period - Stopped by Jaroslav Halak with a rebound.
12:42 of 2nd period - Shot by Marcus Johansson.
12:42 of 2nd period - Shot Misses the Net.
12:44 of 2nd period - Shot by Andrew MacDonald.
12:44 of 2nd period - Shot Blocked by Radim Vrbata.
12:46 of 2nd period - Shot by Andre Burakovsky.
12:46 of 2nd period - Shot Misses the Net.
12:56 of 2nd period - Shot by Brian Gionta.
12:56 of 2nd period - Shot Misses the Net.
13:04 of 2nd period - Shot by Andre Burakovsky.
13:04 of 2nd period - Stopped by Jaroslav Halak with a rebound.
13:16 of 2nd period - Shot by Casey Cizikas.
13:16 of 2nd period - Shot Blocked by Christian Ehrhoff.
13:44 of 2nd period - Shot by Johnny Gaudreau.
13:44 of 2nd period - Shot Misses the Net.
13:46 of 2nd period - Shot by Andrej Sekera.
13:46 of 2nd period - Stopped by Devan Dubnyk without a rebound.
13:47 of 2nd period - Kyle Brodziak wins face-off versus Henrik Sedin in Flyers zone.
14:23 of 2nd period - Shot by Tomas Fleischmann.
14:23 of 2nd period - Deflect By Troy Brouwer.
14:23 of 2nd period - Stopped by Devan Dubnyk without a rebound.
14:24 of 2nd period - Jeff Carter wins face-off versus Calle Jarnkrok in Flyers zone.
14:32 of 2nd period - Jeff Carter is hit by Damon Severson and loses puck.
15:34 of 2nd period - Shot by Andre Burakovsky.
15:34 of 2nd period - Shot Misses the Net.
16:17 of 2nd period - Off-side.
16:18 of 2nd period - Casey Cizikas wins face-off versus Radim Vrbata in neutral zone.
16:46 of 2nd period - Shot by Shawn Matthias.
16:46 of 2nd period - Deflect By Matt Hendricks.
16:46 of 2nd period - Goal by Matt Hendricks - Lightning : 2 - Flyers : 3.
16:47 of 2nd period - Johnny Gaudreau wins face-off versus Calle Jarnkrok in neutral zone.
17:20 of 2nd period - Shot by Joel Ward.
17:20 of 2nd period - Stopped by Jaroslav Halak without a rebound.
17:21 of 2nd period - Marcus Johansson wins face-off versus Teddy Purcell in Lightning zone.
17:41 of 2nd period - Icing by Brad Hunt.
17:42 of 2nd period - Travis Zajac wins face-off versus Casey Cizikas in Lightning zone.
18:05 of 2nd period - Shot by Matt Hendricks.
18:05 of 2nd period - Shot Misses the Net.
18:28 of 2nd period - Off-side.
18:29 of 2nd period - Henrik Sedin wins face-off versus Marcus Johansson in neutral zone.
18:50 of 2nd period - Andre Burakovsky is hit by Kevin Klein.
18:58 of 2nd period - Shot by Brian Gionta.
18:58 of 2nd period - Shot Misses the Net.
19:00 of 2nd period - Shot by Ryan Ellis.
19:00 of 2nd period - Shot Blocked by Andrej Sekera.
19:06 of 2nd period - Shot by Ryan Ellis.
19:06 of 2nd period - Shot Blocked by Andrej Sekera.
19:08 of 2nd period - Shot by Andre Burakovsky.
19:08 of 2nd period - Shot Misses the Net.
19:10 of 2nd period - Shot by Marcus Johansson.
19:10 of 2nd period - Stopped by Jaroslav Halak without a rebound.
19:11 of 2nd period - Jeff Carter wins face-off versus Calle Jarnkrok in Lightning zone.
19:34 of 2nd period - Shot by Patric Hornqvist.
19:34 of 2nd period - Stopped by Devan Dubnyk without a rebound.
19:35 of 2nd period - Casey Cizikas wins face-off versus Travis Zajac in Flyers zone.
19:35 of 2nd period - Casey Cizikas is hit by Travis Zajac.
19:54 of 2nd period - Shot by Teddy Purcell.
19:54 of 2nd period - Stopped by Devan Dubnyk without a rebound.
19:55 of 2nd period - Calle Jarnkrok wins face-off versus Jeff Carter in Flyers zone.
Goals for this period are 0 for Lightning vs 2 for Flyers.
Shots for this period are 12 for Lightning vs 12 for Flyers.

3rd period


0:01 of 3rd period - Jeff Carter wins face-off versus Joel Ward in neutral zone.
0:09 of 3rd period - Icing by Dan Boyle.
0:10 of 3rd period - Henrik Sedin wins face-off versus Calle Jarnkrok in Flyers zone.
0:36 of 3rd period - Shot by Tomas Fleischmann.
0:36 of 3rd period - Stopped by Devan Dubnyk without a rebound.
0:37 of 3rd period - Jeff Carter wins face-off versus Marcus Johansson in Flyers zone.
0:38 of 3rd period - Shot by Johnny Gaudreau.
0:38 of 3rd period - Stopped by Devan Dubnyk without a rebound.
0:39 of 3rd period - Jeff Carter wins face-off versus Andre Burakovsky in Flyers zone.
0:49 of 3rd period - Minor Penalty to Erik Gudbranson for Holding.
0:50 of 3rd period - Calle Jarnkrok wins face-off versus Travis Zajac in Lightning zone.
1:03 of 3rd period - Shot by Ryan Ellis.
1:03 of 3rd period - Stopped by Jaroslav Halak without a rebound.
1:04 of 3rd period - Casey Cizikas wins face-off versus Tomas Fleischmann in Lightning zone.
2:26 of 3rd period - Shot by Joel Ward.
2:26 of 3rd period - Shot Blocked by Andrej Sekera.
2:30 of 3rd period - Shot by Calle Jarnkrok.
2:30 of 3rd period - Shot Misses the Net.
2:32 of 3rd period - Shot by Calle Jarnkrok.
2:32 of 3rd period - Stopped by Jaroslav Halak without a rebound.
2:33 of 3rd period - Casey Cizikas wins face-off versus Eric Fehr in Lightning zone.
2:36 of 3rd period - Shot by Alexander Killorn.
2:36 of 3rd period - Stopped by Jaroslav Halak without a rebound.
2:37 of 3rd period - Travis Zajac wins face-off versus Alexander Killorn in Lightning zone.
3:05 of 3rd period - Icing by Andrew MacDonald.
3:06 of 3rd period - Troy Brouwer wins face-off versus Kyle Brodziak in Flyers zone.
3:19 of 3rd period - Shot by Kyle Brodziak.
3:19 of 3rd period - Shot Misses the Net.
3:20 of 3rd period - Minor Penalty to Shawn Matthias for Slashing.
3:20 of 3rd period - Minor Penalty to Christian Ehrhoff for Hooking.
3:21 of 3rd period - Calle Jarnkrok wins face-off versus Travis Zajac in Lightning zone.
3:25 of 3rd period - Andre Burakovsky is hit by Kevin Klein.
3:37 of 3rd period - Shot by Andre Burakovsky.
3:37 of 3rd period - Shot Misses the Net.
3:41 of 3rd period - Shot by Calle Jarnkrok.
3:41 of 3rd period - Shot Blocked by Erik Gudbranson.
5:27 of 3rd period - Patric Hornqvist is hit by Chris VandeVelde and loses puck.
5:37 of 3rd period - Icing by Brad Hunt.
5:38 of 3rd period - Calle Jarnkrok wins face-off versus Jeff Carter in Lightning zone.
5:47 of 3rd period - Shot by Calle Jarnkrok.
5:47 of 3rd period - Stopped by Jaroslav Halak without a rebound.
5:48 of 3rd period - Henrik Sedin wins face-off versus Kyle Brodziak in Lightning zone.
6:05 of 3rd period - Icing by Kevin Klein.
6:06 of 3rd period - Marcus Johansson wins face-off versus Troy Brouwer in Lightning zone.
6:08 of 3rd period - Minor Penalty to Kevin Klein for High sticking.
6:09 of 3rd period - Casey Cizikas wins face-off versus Travis Zajac in Lightning zone.
6:24 of 3rd period - Shot by Casey Cizikas.
6:24 of 3rd period - Shot Blocked by Christian Ehrhoff.
6:26 of 3rd period - Shot by Ben Hutton.
6:26 of 3rd period - Stopped by Jaroslav Halak without a rebound.
6:27 of 3rd period - Calle Jarnkrok wins face-off versus Travis Zajac in Lightning zone.
6:34 of 3rd period - Shot by Marcus Johansson.
6:34 of 3rd period - Shot Blocked by Andrej Sekera.
7:00 of 3rd period - Shot by Ryan Ellis.
7:00 of 3rd period - Stopped by Jaroslav Halak without a rebound.
7:01 of 3rd period - Andre Burakovsky wins face-off versus Tomas Fleischmann in Lightning zone.
7:36 of 3rd period - Shot by Andre Burakovsky.
7:36 of 3rd period - Shot Misses the Net.
8:17 of 3rd period - Calle Jarnkrok is hit by Christian Ehrhoff and loses puck.
9:43 of 3rd period - Off-side.
9:44 of 3rd period - Marcus Johansson wins face-off versus Travis Zajac in neutral zone.
9:49 of 3rd period - Shot by Brian Gionta.
9:49 of 3rd period - Shot Misses the Net.
9:52 of 3rd period - Icing by Travis Zajac.
9:53 of 3rd period - Radim Vrbata wins face-off versus Marcus Johansson in Lightning zone.
10:54 of 3rd period - Shot by Jeff Carter.
10:54 of 3rd period - Deflect By Johnny Gaudreau.
10:54 of 3rd period - Stopped by Devan Dubnyk without a rebound.
10:55 of 3rd period - Kyle Brodziak wins face-off versus Jeff Carter in Flyers zone.
10:57 of 3rd period - Icing by Ryan Ellis.
10:58 of 3rd period - Jeff Carter wins face-off versus Kyle Brodziak in Flyers zone.
11:03 of 3rd period - Shot by Jeff Carter.
11:03 of 3rd period - Shot Blocked by Ryan Ellis.
11:25 of 3rd period - Shot by Ryan Ellis.
11:25 of 3rd period - Shot Misses the Net.
11:27 of 3rd period - Shot by Chris VandeVelde.
11:27 of 3rd period - Deflect By Kyle Brodziak.
11:27 of 3rd period - Shot Misses the Net.
11:36 of 3rd period - Shawn Matthias is hit by Erik Gudbranson.
12:06 of 3rd period - Shot by Calle Jarnkrok.
12:06 of 3rd period - Stopped by Jaroslav Halak without a rebound.
12:07 of 3rd period - Marcus Johansson wins face-off versus Troy Brouwer in Lightning zone.
12:23 of 3rd period - Shot by Marcus Johansson.
12:23 of 3rd period - Stopped by Jaroslav Halak with a rebound.
12:33 of 3rd period - Shot by Andre Burakovsky.
12:33 of 3rd period - Shot Misses the Net.
12:35 of 3rd period - Shot by Andre Burakovsky.
12:35 of 3rd period - Stopped by Jaroslav Halak with a rebound.
12:37 of 3rd period - Shot by Ben Hutton.
12:37 of 3rd period - Deflect By Andre Burakovsky.
12:37 of 3rd period - Shot Misses the Net.
12:46 of 3rd period - Andre Burakovsky is hit by Kevin Klein and loses puck.
13:06 of 3rd period - Joel Ward is hit by Kevin Klein and loses puck.
13:19 of 3rd period - Shot by Calle Jarnkrok.
13:19 of 3rd period - Shot Misses the Net.
13:21 of 3rd period - Shot by Calle Jarnkrok.
13:21 of 3rd period - Goal by Calle Jarnkrok - Lightning : 2 - Flyers : 4.
13:22 of 3rd period - Casey Cizikas wins face-off versus Travis Zajac in neutral zone.
13:29 of 3rd period - Shot by Matt Hendricks.
13:29 of 3rd period - Stopped by Jaroslav Halak without a rebound.
13:30 of 3rd period - Jeff Carter wins face-off versus Matt Hendricks in Lightning zone.
13:30 of 3rd period - Jeff Carter is hit by Matt Hendricks.
13:40 of 3rd period - Shot by Jeff Carter.
13:40 of 3rd period - Shot Misses the Net.
13:42 of 3rd period - Shot by Patric Hornqvist.
13:42 of 3rd period - Shot Misses the Net.
13:44 of 3rd period - Shot by Patric Hornqvist.
13:44 of 3rd period - Shot Misses the Net.
13:47 of 3rd period - Minor Penalty to Ryan Ellis for Interference.
13:48 of 3rd period - Chris VandeVelde wins face-off versus Johnny Gaudreau in Flyers zone.
13:48 of 3rd period - Chris VandeVelde is hit by Patric Hornqvist.
14:12 of 3rd period - Shot by Johnny Gaudreau.
14:12 of 3rd period - Shot Misses the Net.
14:14 of 3rd period - Shot by Patric Hornqvist.
14:14 of 3rd period - Shot Blocked by Clayton Stoner.
14:16 of 3rd period - Shot by Erik Gudbranson.
14:16 of 3rd period - Shot Misses the Net.
15:06 of 3rd period - Off-side.
15:07 of 3rd period - Henrik Sedin wins face-off versus Kyle Brodziak in neutral zone.
15:30 of 3rd period - Shot by Tomas Fleischmann.
15:30 of 3rd period - Deflect By Troy Brouwer.
15:30 of 3rd period - Stopped by Devan Dubnyk without a rebound.
15:31 of 3rd period - Kyle Brodziak wins face-off versus Jeff Carter in Flyers zone.
15:31 of 3rd period - Kyle Brodziak is hit by Patric Hornqvist.
16:40 of 3rd period - Icing by Ben Hutton.
16:41 of 3rd period - Henrik Sedin wins face-off versus Casey Cizikas in Flyers zone.
16:42 of 3rd period - Shot by Troy Brouwer.
16:42 of 3rd period - Shot Misses the Net.
17:02 of 3rd period - Minor Penalty to Troy Brouwer for Tripping.
17:03 of 3rd period - Travis Zajac wins face-off versus Calle Jarnkrok in Lightning zone.
19:21 of 3rd period - Shot by Jeff Carter.
19:21 of 3rd period - Shot Misses the Net.
19:24 of 3rd period - Icing by Ben Hutton.
19:25 of 3rd period - Troy Brouwer wins face-off versus Kyle Brodziak in Flyers zone.
Goals for this period are 0 for Lightning vs 1 for Flyers.
Shots for this period are 4 for Lightning vs 11 for Flyers.